 Dungeon Crawl Stone Soup version 0.30-a0-757-ga6a79fd877 (webtiles) character file.

Game seed: 11484337816270117276

75 retardedninja the Shield-Bearer (level 4, 44/44 HPs)
             Began as a Troll Fighter on Feb 9, 2023.
             Quit the game on level 2 of the Dungeon.
             The game lasted 00:01:53 (1142 turns).

retardedninja the Shield-Bearer (Troll Fighter)     Turns: 1142, Time: 00:01:54

Health: 44/44      AC:  4    Str: 26    XL:     4   Next: 11%
Magic:  3/3        EV:  8    Int:  4    God:
Gold:   55         SH:  7    Dex:  9    Spells: 3/3 levels left

rFire   . . .      SeeInvis .      - Unarmed
rCold   . . .      Faith    .    b - +0 kite shield
rNeg    . . .      Spirit   +    a - +0 robe
rPois   .          Reflect  .    (helmet restricted)
rElec   .          Harm     .    (no cloak)
rCorr   .          Rampage  .    (gloves unavailable)
Will    .....                    (boots unavailable)
Stlth   +                        h - amulet of guardian spirit
HPRegen 1.07/turn                (no ring)
MPRegen 0.08/turn                (no ring)

@: no status effects
A: large, unfitting armour, claws 3, regeneration 1, shaggy fur 1, tough skin 1
a: no special abilities


You were on level 2 of the Dungeon.
You visited 1 branch of the dungeon, and saw 3 of its levels.

You collected 55 gold pieces.

Inventory:

Armour
 a - a +0 robe (worn)
 b - a +0 kite shield (worn)
Jewellery
 h - an amulet of guardian spirit (around neck)
Scrolls
 d - 2 scrolls of immolation {unknown}
 e - a scroll of teleportation {unknown}
 f - a scroll of fear {unknown}
 i - a scroll of identify {unknown}
Potions
 c - a potion of might
 g - a potion of resistance {unknown}
 j - a potion of flight {unknown}


   Skills:
 + Level 2.9 Fighting
 + Level 3.0 Dodging
 + Level 3.2 Shields
 + Level 2.7 Unarmed Combat


You had 3 spell levels left.
You didn't know any spells.
Your spell library was empty.

Dungeon Overview and Level Annotations

Branches:
Dungeon (3/15)

Altars:


Innate Abilities, Weirdness & Mutations

You are too large for most types of armour.
You have claws for hands.
Your natural rate of healing is unusually fast.
You are covered in fur. (AC +1)
You have tough skin. (AC +1)


Message History

No target in view!
Found a stone staircase leading up.
A rat comes into view.
Found a ring mail.
A rat is nearby!
A rat is nearby!
A rat is nearby!
A rat is nearby!
A goblin comes into view. It is wielding a +0 club.
An endoplasm comes into view.
You block the rat's attack.
There is a stone staircase leading up here.
You closely miss the rat.
The goblin shouts!
The endoplasm quivers.
You hear a shout!
You block the rat's attack.
You scratch the rat.
The rat is severely wounded.
The rat barely misses you.
You barely miss the rat.
The rat is severely wounded.
You block the rat's attack. You block the goblin's attack.
The goblin hits you with a +0 club. The rat bites you.
You scratch the rat.
You kill the rat!
You block the endoplasm's attack. The goblin hits you but does no damage.
You claw the goblin!
You kill the goblin!
The endoplasm hits you.
You claw the endoplasm!
You kill the endoplasm!
You see here a +0 club.
No target in view!
There is a stone staircase leading up, spattered with blood here.
You climb upwards.
There is a stone staircase leading down here.
Welcome back, retardedninja the Troll Fighter.
Press ? for a list of commands and other information.
Are you sure you want to abandon this character and quit the game? (Confirm with "yes".)

# #. ##.. .. ...# ..
#..## #...## ..#
###....## ##..##
.......# #......
#.##..####.....#
######@.............#
.........#..####.....##
#######................
#####....>.....#
############


There were no monsters in sight!

Vanquished Creatures
  Natasha (D:3)
  An adder (D:3)
  A dart slug (D:1)
  3 ball pythons
  2 bats (D:1)
  4 endoplasms
  3 giant cockroaches (D:1)
  3 goblins
  10 hobgoblins (D:1)
  5 kobolds
  A rat (D:3)
34 creatures vanquished.

Notes
Turn   | Place    | Note
-------+----------+-------------------------------------------
     0 | D:1      | retardedninja the Troll Fighter began the quest for the
                  | Orb.
     0 | D:1      | Reached XP level 1. HP: 22/22 MP: 0/0
   100 | D:1      | Reached XP level 2. HP: 28/29 MP: 1/1
   422 | D:1      | Reached XP level 3. HP: 36/36 MP: 2/2
   778 | D:2      | You fall into a shaft and drop 1 floor!
   841 | D:3      | Noticed Natasha
   851 | D:3      | Killed Natasha
  1004 | D:3      | Reached XP level 4. HP: 32/44 MP: 1/3
  1142 | D:2      | Quit the game

Illustrated notes

Levels and vault maps discovered:
D:1:      erik_arrival_blinker_ship, layout_basic
D:2:      layout_loops_ring, chequers_ecumenical_altar_grove,
          minmay_split_cup_large
D:3:      layout_loops_ring, uniq_natasha, uniq_jessica, uniq_robin

Skill      XL: |  1  2  3 |
---------------+----------+-----
Shields        | 3 |  3.2
Dodging        | 3 |  3.0
Fighting       | |  2.9
Unarmed Combat | |  2.7

Action                     |  1- 3 |  4- 6 || total
---------------------------+-------+-------++-------
  Melee: Unarmed           |    64 |     6 ||    70
    Use: Potion            |     2 |       ||     2
   Stab: Sleeping          |     1 |       ||     1
 Armour: Robe              |    16 |     1 ||    17
  Dodge: Dodged            |     9 |     1 ||    10
  Block: Kite shield       |    16 |     5 ||    21

Table legend: (Time is in decaauts)
 A = Elapsed time spent in this place.
 B = Non-inter-level travel time spent in this place.
 C = Inter-level travel time spent in this place.
 D = Time resting spent in this place.
 E = Time spent auto-exploring this place.
 F = Levels seen in this place.
 G = Mean time per level.
                   A        B        C        D        E       F      G
               +--------+--------+--------+--------+--------+-----+--------+
         Total |   1160 |   1157 |      3 |     35 |    884 |   3 |  386.7 |
       Dungeon |   1160 |   1157 |      3 |     35 |    884 |   3 |  386.7 |
               +--------+--------+--------+--------+--------+-----+--------+

Top non-repeatable levels by time:
     D:1: 780 daAuts
     D:3: 366 daAuts
     D:2: 14 daAuts
